 Dungeon Crawl Stone Soup version 0.20-a0-432-g25cc1b4 (webtiles) character file.

115 Faca the Covered (level 5, 0/33 HPs)
             Began as a Gargoyle Fighter on Jan 2, 2017.
             Slain by a worm (7 damage)
             ... on level 2 of the Dungeon.
             The game lasted 00:03:13 (1497 turns).

Faca the Covered (Gargoyle Fighter)                 Turns: 1497, Time: 00:03:14

Health: 0/33       AC: 13    Str: 20    XL:     5   Next: 0%
Magic:  5/5        EV:  7    Int:  8    God:
Gold:   77         SH:  9    Dex: 10    Spells: 4/4 levels left

rFire  . . .     SeeInvis .     a - +0 flail
rCold  . . .     Gourm    .     b - +0 scale mail
rNeg   + . .     Faith    .     c - +0 shield
rPois  ∞         Spirit   .     l - +2 hat
rElec  +         Reflect  .     (no cloak)
rCorr  .         Harm     .     (no gloves)
MR     .....                    (no boots)
Stlth  ..........               (no amulet)
                                (no ring)
                                (no ring)

@: no status effects
A: negative energy resistance 1, electricity resistance, unbreathing,
petrification resistance, rot immunity, AC +4
a: no special abilities


You were on level 2 of the Dungeon.
You were not hungry.

You visited 1 branch of the dungeon, and saw 2 of its levels.

You collected 77 gold pieces.

Inventory:

Hand Weapons
 a - a +0 flail (weapon)
Armour
 b - a +0 scale mail (worn)
 c - a +0 shield (worn)
 l - a +2 hat (worn)
Scrolls
 k - a scroll of magic mapping
Potions
 d - a potion of might
 e - a potion of curing
 h - a potion of flight {unknown}
 i - a potion of lignification
 j - a potion of haste
 m - a potion of agility {unknown}
Comestibles
 f - a bread ration
 g - a beef jerky
 n - a meat ration


   Skills:
 + Level 3.8 Fighting
 + Level 3.1 Maces & Flails
 + Level 4.4 Armour
 + Level 3.9 Shields


You had 4 spell levels left.
You didn't know any spells.

Dungeon Overview and Level Annotations

Branches:
Dungeon (2/15)

Altars:
Trog


Innate Abilities, Weirdness & Mutations

You are resistant to torment.
Your stone body is resilient. (AC +4)
You are immune to poison.
You resist negative energy. (rN+)
You are resistant to electric shocks. (rElec)
You can survive without breathing.
You are immune to petrification.
You are immune to rotting.


Message History

The rat bites you but does no damage. The rat closely misses you.
The rat bites you but does no damage. The rat bites you but does no damage.
The rat closely misses you.
You hit the rat.
You kill the rat!
You block the rat's attack. The rat barely misses you.
You closely miss the rat. You block the rat's attack.
You barely miss the rat. The rat closely misses you.
You block the rat's attack.
You hit the rat but do no damage. You block the rat's attack.
The rat bites you but does no damage.
You closely miss the rat. You block the rat's attack.
The rat barely misses you.
You hit the rat.
You kill the rat!
You have reached level 5!
The worm is no longer berserk.
The worm bites you!
You die...

.#...##.####.........###.#..#.###
...........##.......##...........
##.#############.####....#..#.##.
..............##.##.......>.#....
.#...########..#.........#..#.##.
......# ##.#.........#.......
......## #...........#....##.
......'# ##.w........##.#.##.
......## #.@........##......
...#### #..#####+#.##.#.###
.##### ##.## #.#.##...... .....#
###..## #.#.##...##. ....)#
#.....###........##. .##..#
#.##..##.........##. .##..#
#.##..##.....##.###. .##.÷####
#.##..##.....##.# #. ........#
#.##..##.....##.# #.


You could see a worm.

Vanquished Creatures
  Jessica (D:2)
  5 adders (D:2)
  A worm (D:2)
  A dart slug (D:2)
  2 leopard geckos (D:2)
  2 ball pythons
  3 bats
  6 goblins
  6 hobgoblins
  2 jackals (D:1)
  A quokka (D:2)
  4 frilled lizards
  A kobold (D:1)
  5 rats
40 creatures vanquished.

Notes
Turn   | Place    | Note
-------+----------+-------------------------------------------
     0 | D:1      | Faca the Gargoyle Fighter began the quest for the Orb.
     0 | D:1      | Reached XP level 1. HP: 14/14 MP: 1/1
   274 | D:1      | Reached XP level 2. HP: 16/19 MP: 2/2
   839 | D:2      | Noticed Jessica
   851 | D:2      | Killed Jessica
   851 | D:2      | Reached skill level 4 in Armour
   851 | D:2      | Reached XP level 3. HP: 17/23 MP: 3/3
  1000 | D:2      | Reached XP level 4. HP: 24/28 MP: 4/4
  1461 | D:2      | Noticed a moth of wrath
  1464 | D:2      | Found a bloodstained altar of Trog.
  1490 | D:2      | Reached XP level 5. HP: 6/33 MP: 5/5
  1497 | D:2      | Slain by a worm

Vault maps used:
D:1:      evilmike_arrival_plus, serial_park_tiny_pond, columned_hall_lemuel
D:2:      tgw_trog, minmay_nonomino_d4, uniq_jessica

Skill      XL: |  1  2  3  4 |
---------------+-------------+-----
Armour         | 4 |  4.4
Maces & Flails | 3 |  3.1
Fighting       | |  3.8
Shields        | |  3.9

Action                   |  1- 3 |  4- 6 || total
-------------------------+-------+-------++-------
Melee: Flail             |    98 |   106 ||   204
  Use: Scroll            |     4 |     2 ||     6
  Eat: Pizza             |       |     1 ||     1
       Beef jerky        |       |     1 ||     1
Armor: Scale mail        |    51 |    80 ||   131
Dodge: Dodged            |    34 |    42 ||    76
Block: Shield            |    41 |    56 ||    97
